 Dungeon Crawl Stone Soup version 0.30-a0-165-g1891117ce2 (webtiles) character file.

Game seed: 13744263266801022451

392 qw the Chopper (level 6, -6/38 HPs)
             Began as a Gargoyle Fighter on Sept 28, 2022.
             Killed from afar by a white imp (12 damage)
             ... with a puff of frost
             ... summoned by Eustachio
             ... on level 4 of the Dungeon.
             The game lasted 00:01:24 (3339 turns).

qw the Chopper (Gargoyle Fighter)                   Turns: 3339, Time: 00:01:24

Health: -6/38      AC: 16    Str: 21    XL:     6   Next: 80%
Magic:  6/6        EV:  7    Int:  9    God:
Gold:   157        SH:  4    Dex:  9    Spells: 5/5 levels left

rFire   . . .      SeeInvis .    Y - +0 war axe
rCold   . . .      Faith    .    c - +0 buckler
rNeg    + . .      Spirit   .    e - +0 chain mail
rPois   inf        Reflect  .    (no helmet)
rElec   +          Harm     .    (no cloak)
rCorr   .          Rampage  .    i - +2 pair of gloves
Will    .....                    (no boots)
Stlth   ..........               a - amulet of regeneration
HPRegen 0.92/turn                (no ring)
MPRegen 0.10/turn                (no ring)

@: no status effects
A: sickness immunity, AC +4, negative energy resistance 1, electricity
resistance, torment resistance 1, petrification resistance
a: no special abilities


You were on level 4 of the Dungeon.
You visited 1 branch of the dungeon, and saw 4 of its levels.

You collected 157 gold pieces.


Innate Abilities, Weirdness & Mutations

You are immune to sickness and miasma.
Your stone body is resilient. (AC +4)
You are immune to poison.
You resist negative energy. (rN+)
You are resistant to electric shocks. (rElec)
You are resistant to unholy torment.
You are immune to petrification.


   Skills:
 - Level 4.0 Fighting
 - Level 6.0 Axes
 - Level 3.2 Armour
 + Level 0.4 Dodging
 - Level 3.2 Shields


You had 5 spell levels left.
You didn't know any spells.
Your spell library was empty.

Inventory:

Hand Weapons
 g - a +0 whip
 Y - a +0 war axe (weapon)
Armour
 c - a +0 buckler (worn)
 e - a +0 chain mail (worn)
 i - a +2 pair of gloves (worn)
Jewellery
 a - an amulet of regeneration (around neck)
Scrolls
 f - a scroll of identify
 l - 4 scrolls of teleportation
Potions
 d - a potion of might
 h - 2 potions of curing
 j - 3 potions of attraction
 k - a potion of mutation
 m - a potion of lignification

Dungeon Overview and Level Annotations

Branches:
Dungeon (4/15)
 Temple: D:4-7

Altars:
Elyvilon

Annotations:
D:4 Eustachio


Message History

You block Eustachio's attack. The gnoll hits you but does no damage.
A gnoll comes into view. It is wielding a +0 spear.
The gnoll hits you but does no damage. The white imp gestures at you.
The puff of frost misses you.
You barely miss the white imp.
The white imp is severely wounded.
You hit the gnoll. You barely miss Eustachio. You hit the ufetubus.
The ufetubus hits you but does no damage.
You block the ufetubus's attack.
The ufetubus hits you but does no damage. x2
Eustachio hits you but does no damage.
The gnoll hits you but does no damage. x2
The white imp closely misses you.
You barely miss the white imp.
The white imp is severely wounded.
You barely miss the ufetubus. You barely miss the gnoll. You miss Eustachio.
The ufetubus barely misses you.
The ufetubus hits you but does no damage.
Eustachio gestures wildly while chanting.
Eustachio blinks!
You block the gnoll's attack. The white imp gestures at you.
The puff of frost hits you.
The ufetubus hits you but does no damage. x2
You closely miss the white imp.
The white imp is severely wounded.
You slash the gnoll!
You kill the gnoll!
You hit the white imp. You hit the ufetubus.
You kill the ufetubus!
The ufetubus disappears in a puff of smoke!
The gnoll hits you from afar with a +0 halberd.
The white imp hits you but does no damage.
You block the white imp's attack.
Eustachio yells, "Perjured traitor, DIE!"
Eustachio gestures wildly while chanting.
You block the gnoll's attack. The gnoll hits you with a +0 whip.
The white imp hits you. The white imp freezes you.
The white imp gestures at you. The puff of frost hits you!
You die...

#.~ '.... #.~ #...o #.~ #.... #.~
#.... #.~ #...g ..#.~ #..gK #'###
############'''g#############...#
..............g5@...........#...#
~~~~~~~~~~~~...ยค5~~~~~~~~~~~#####
~~~~~~~~~~~~..5@5~~~~~~~~~~~~~~~~
~~~~~~~~~~~~....~~~~~~~~~~~~~~~~~
..................(.......)......
#########.......)##.....#########
#.#.####.###...## ###
###.#.####.####.## #..
#######.#.............# #%#


You could see Eustachio, a kobold brigand, 4 gnolls, a crimson imp (summoned), 2
white imps, an orc and an ufetubus (summoned).

Vanquished Creatures
  Blork the orc (D:4)
  A howler monkey (D:4)
  An orc priest (D:3)
  An orc wizard (D:3)
  Ijyb (D:3)
  An iguana (D:4)
  2 gnolls (D:4)
  4 adders
  8 dart slugs (D:3)
  11 orcs
  5 ball pythons
  5 bats
  7 endoplasms
  4 giant cockroaches
  6 goblins
  7 hobgoblins
  13 jackals (D:4)
  6 kobolds
  2 quokkas
  4 frilled lizards
  5 rats
95 creatures vanquished.

Vanquished Creatures (collateral kills)
  A goblin (D:3)
1 creature vanquished.

Vanquished Creatures (others)
  5 fungi (D:4)
  A plant (D:4)
6 creatures vanquished.

Grand Total: 102 creatures vanquished

Notes
Turn   | Place    | Note
-------+----------+-------------------------------------------
     0 | D:1      | qw the Gargoyle Fighter began the quest for the Orb.
     0 | D:1      | Reached XP level 1. HP: 14/14 MP: 1/1
     0 | D:1      | 0 ||| qw: Version: 0.2-a-10-g37ed214
     0 | D:1      | 0 ||| qw: Game counter: 727
     0 | D:1      | 0 ||| qw: Always use a shield: true
     0 | D:1      | 0 ||| qw: God list: Okawaru
     0 | D:1      | 0 ||| qw: Allow faded altars: false
     0 | D:1      | 0 ||| qw: Do Orc after D:15 true
     0 | D:1      | 0 ||| qw: Do second Lair branch before Depths: true
     0 | D:1      | 0 ||| qw: Lair rune preference: random
     0 | D:1      | 0 ||| qw: Plans: Normal, Zot:1-4, God:TSO, Crypt, Tomb,
                  | Pan, Slime:5, Hells, Abyss, Orb
     0 | D:1      | 0 ||| PLANNING D:1-11
    58 | D:1      | Reached skill level 2 in Axes
   137 | D:1      | Reached XP level 2. HP: 19/19 MP: 2/2
   972 | D:1      | 972 ||| READING scroll labelled OWKOTY HYRAI.
   973 | D:1      | 973 ||| READING 2 scrolls labelled JODY VIRHEOHIU.
   974 | D:1      | 974 ||| READING scroll labelled VEHEXK SIZAI.
   975 | D:1      | 975 ||| READING scroll labelled EMUEGH UDICW.
   976 | D:1      | 976 ||| READING scroll labelled BECYSKAZOCH.
   977 | D:1      | 977 ||| DRINKING 2 inky potions.
  1039 | D:2      | Reached skill level 3 in Axes
  1044 | D:2      | Reached XP level 3. HP: 23/23 MP: 3/3
  1051 | D:2      | 1051 ||| FLEEEEING.
  1060 | D:2      | 1060 ||| STAIRDANCE
  1270 | D:2      | 1270 ||| Stepping ~*~*~tactically~*~*~ (stealth).
  1272 | D:2      | 1272 ||| Stepping ~*~*~tactically~*~*~ (stealth).
  1274 | D:2      | 1274 ||| Stepping ~*~*~tactically~*~*~ (stealth).
  1276 | D:2      | 1276 ||| Stepping ~*~*~tactically~*~*~ (stealth).
  1480 | D:2      | You fall into a shaft and drop 2 floors!
  1489 | D:4      | 1489 ||| UPGRADING to +2 pair of gloves.
  1494 | D:4      | 1494 ||| READING scroll labelled KAXZU RIYSUET.
  1502 | D:3      | Noticed Ijyb
  1512 | D:3      | Killed Ijyb
  1513 | D:3      | Reached skill level 4 in Axes
  1513 | D:3      | Reached XP level 4. HP: 20/28 MP: 4/4
  1660 | D:3      | Found a white marble altar of Elyvilon.
  1760 | D:3      | 1760 ||| Stepping ~*~*~tactically~*~*~ (hiding).
  1762 | D:3      | 1762 ||| Stepping ~*~*~tactically~*~*~ (hiding).
  1781 | D:3      | 1781 ||| Stepping ~*~*~tactically~*~*~ (stealth).
  1782 | D:3      | 1782 ||| Stepping ~*~*~tactically~*~*~ (stealth).
  1872 | D:3      | 1872 ||| Stepping ~*~*~tactically~*~*~ (hiding).
  1874 | D:3      | 1874 ||| Stepping ~*~*~tactically~*~*~ (hiding).
  1878 | D:3      | 1878 ||| Stepping ~*~*~tactically~*~*~ (stealth).
  1888 | D:3      | 1888 ||| UPGRADING to +0 chain mail.
  1898 | D:3      | 1898 ||| DROPPING +0 scale mail.
  1899 | D:3      | 1899 ||| READING 4 scrolls labelled COAK ETUIM.
  1904 | D:3      | 1904 ||| FLEEEEING.
  1905 | D:3      | 1905 ||| FLEEEEING.
  1906 | D:3      | 1906 ||| FLEEEEING.
  1916 | D:3      | 1916 ||| READING 4 scrolls of identify.
  1916 | D:3      | 1916 ||| IDENTIFYING amethyst potion
  1917 | D:3      | 1917 ||| READING 3 scrolls of identify.
  1917 | D:3      | 1917 ||| IDENTIFYING yellow potion
  1918 | D:3      | 1918 ||| READING 2 scrolls of identify.
  1918 | D:3      | 1918 ||| IDENTIFYING glowing cyan potion
  1919 | D:3      | 1919 ||| DROPPING potion of degeneration.
  1946 | D:3      | 1946 ||| Stepping ~*~*~tactically~*~*~ (water).
  1949 | D:3      | Reached XP level 5. HP: 30/32 MP: 5/5
  1956 | D:3      | 1956 ||| FLEEEEING.
  1957 | D:3      | 1957 ||| FLEEEEING.
  1958 | D:3      | 1958 ||| STAIRDANCE
  2241 | D:3      | 2241 ||| Stepping ~*~*~tactically~*~*~ (hiding).
  2243 | D:3      | 2243 ||| Stepping ~*~*~tactically~*~*~ (hiding).
  2244 | D:3      | 2244 ||| Stepping ~*~*~tactically~*~*~ (hiding).
  2245 | D:3      | 2245 ||| Stepping ~*~*~tactically~*~*~ (hiding).
  2347 | D:3      | 2347 ||| Stepping ~*~*~tactically~*~*~ (stealth).
  2349 | D:3      | 2349 ||| Stepping ~*~*~tactically~*~*~ (hiding).
  2362 | D:3      | Reached skill level 5 in Axes
  2743 | D:3      | 2743 ||| UPGRADING to amulet of regeneration.
  2748 | D:3      | 2748 ||| READING scroll labelled WAYFROHO HONI.
  2749 | D:3      | 2749 ||| READING scroll labelled IDUITU MATI.
  2750 | D:3      | 2750 ||| READING 2 scrolls of identify.
  2750 | D:3      | 2750 ||| IDENTIFYING blue potion
  2866 | D:4      | Noticed Blork the orc
  2873 | D:4      | Killed Blork the orc
  2874 | D:4      | Reached XP level 6. HP: 20/38 MP: 6/6
  3231 | D:4      | Reached skill level 6 in Axes
  3316 | D:4      | Noticed Eustachio
  3327 | D:4      | 3327 ||| Stepping ~*~*~tactically~*~*~ (stealth).
  3339 | D:4      | HP: 6/38 [white imp[Eustachio] (4)]
  3339 | D:4      | Killed from afar by a white imp

Levels and vault maps discovered:
D:1:      psy_arrival_dodecagon, layout_basic
D:2:      layout_loops_ring
D:3:      kennysheep_slugbush, layout_basic, marbit_many_paths, uniq_ijyb
D:4:      lemuel_castle_with_subvaults [lemuel_castle_interior_carwin_2],
          layout_loops_corners, serial_aquarium, aquarium_bridge_straight
          [aquarium_subvault_bridge, aquarium_subvault_window,
          aquarium_subvault_bridge, aquarium_subvault_wall],
          aquarium_bridge_square [aquarium_subvault_window,
          aquarium_subvault_bridge, aquarium_subvault_wall,
          aquarium_subvault_window], aquarium_window_corridor_1,
          aquarium_window_fake, aquarium_view_2f, aquarium_view_2d,
          minmay_rat_hole, uniq_blork_the_orc, uniq_eustachio

Skill      XL: |  1  2  3  4  5  6 |
---------------+-------------------+-----
Axes           | 2 3 4 5 6 |  6.0
Fighting       | 4 |  4.0
Armour         | |  3.2
Dodging        | |  0.4
Shields        | |  3.2

Action                   |  1- 3 |  4- 6 || total
-------------------------+-------+-------++-------
Melee: War axe           |   102 |   183 ||   285
  Use: Scroll            |     6 |     7 ||    13
       Potion            |     1 |       ||     1
Armor: Scale mail        |    37 |    13 ||    50
       Chain mail        |       |   134 ||   134
Dodge: Dodged            |    49 |    87 ||   136
Block: Buckler           |    21 |    31 ||    52

Table legend:
 A = Non-vault XP
 B = Vault XP
 C = Vault XP percentage of total XP
 D = Non-vault monster count
 E = Vault monster count
 F = Vault count percentage of total count
                 A         B        C        D         E       F
            +---------+---------+-------+---------+---------+-------
      Total |     284 |     291 |  50.6 |      66 |      30 |  31.2
            +---------+---------+-------+---------+---------+-------
        D:1 |      28 |       0 |   0.0 |      16 |       0 |   0.0
        D:2 |      48 |       0 |   0.0 |      14 |       0 |   0.0
        D:3 |     145 |      72 |  33.2 |      24 |      10 |  29.4
        D:4 |      63 |     219 |  77.7 |      12 |      20 |  62.5
            +---------+---------+-------+---------+---------+-------
